 Dungeon Crawl Stone Soup version 0.19.1 (webtiles) character file.

828 M4edhros the Covert (level 7, -1/43 HPs)
             Began as an Octopode Artificer on Dec 26, 2016.
             Slain by a worker ant (5 damage)
             ... on level 6 of the Dungeon.
             The game lasted 00:05:07 (4454 turns).

M4edhros the Covert (Octopode Artificer)            Turns: 4454, Time: 00:05:08

Health: -1/43      AC:  1    Str: 11    XL:     7   Next: 97%
Magic:  9/9        EV: 13    Int: 16    God:
Gold:   164        SH:  0    Dex: 15    Spells: 0 memorised, 6 levels left

rFire  + . .     SeeInvis .     a - +0 short sword
rCold  . . .     Gourm    .     (no shield)
rNeg   . . .     Faith    .     (helmet restricted)
rPois  .         Spirit   .     (no amulet)
rElec  .         Reflect  .     o - ring of protection from fire
rCorr  .         Harm     .     u - +3 ring of intelligence
MR     .....                    (no ring)
Stlth  ++++++....               (no ring)
                                (no ring)
                                (no ring)
                                (no ring)
                                (no ring)

@: lethally poisoned (-1 -> -17)
A: almost no armour, stealthy swim, amphibious, 8 rings, constrict 8, camouflage
1, gelatinous body 1
a: no special abilities


You were on level 6 of the Dungeon.
You were very hungry.

You visited 1 branch of the dungeon, and saw 6 of its levels.
You also visited: Ossuary.

You collected 164 gold pieces.

Inventory:

Hand Weapons
 a - a +0 short sword (weapon)
 l - a +0 hunting sling
Missiles
 m - 73 stones (quivered)
 t - 2 javelins
Armour
 p - a +1 buckler
Jewellery
 o - a ring of protection from fire (left tentacle)
 u - a +3 ring of intelligence (right tentacle)
Wands
 b - a wand of flame (8/48)
 c - a wand of enslavement (11/24)
 d - a wand of random effects (2/48)
 q - a wand of confusion (31/48)
 s - a wand of disintegration (15/24)
Scrolls
 j - 2 scrolls of teleportation
 n - 3 scrolls of identify
 r - a scroll of remove curse
 v - a scroll of random uselessness {unknown}
 w - a scroll of brand weapon {unknown}
Potions
 e - 3 potions of lignification {unknown}
 h - 3 potions of brilliance
 i - a potion of flight {unknown}
 k - a potion of cancellation {unknown}
 x - a potion of mutation {unknown}
 A - 4 potions of invisibility {unknown}
 B - a potion of haste {unknown}
 C - a potion of heal wounds {unknown}
Comestibles
 f - 3 bread rations
 g - 2 meat rations


   Skills:
 - Level 1.0 Fighting
 - Level 1.0 Short Blades
 - Level 2.0 Dodging
 + Level 12.0 Stealth
 - Level 3.2 Evocations


You had 6 spell levels left.
You didn't know any spells.

Dungeon Overview and Level Annotations

Branches:
Dungeon (6/15)
 Temple: D:4-7

Altars:
Dithmenos
Fedhas
Gozag
Hepliaklqana
Okawaru
Ru
The Shining One

Annotations:
D:3 lupus83's ghost, weakling CeHu


Innate Abilities, Weirdness & Mutations

You cannot wear most types of armour.
You are very stealthy in the water. (Stealth+)
You are amphibious.
You can wear up to eight rings at the same time.
You can use your tentacles to constrict eight enemies at once.
Your skin changes colour to match your surroundings (Stealth+).
Your rubbery body absorbs attacks. (AC +1, EV +1)


Message History

You feel sick. The scorpion stings you. The worker ant bites you!
You hit the worker ant but do no damage.
Your grab misses the worker ant.
The worker ant is lightly wounded.
You feel sick. The worker ant bites you. The scorpion stings you!
* * * LOW HITPOINT WARNING * * *
You are lethally poisoned!
The scorpion poisons you!
Okay, then.
You feel better. The worker ant bites you!
* * * LOW HITPOINT WARNING * * *
You are poisoned.
The worker ant poisons you! The scorpion stings you.
* * * LOW HITPOINT WARNING * * *
You are lethally poisoned!
The scorpion poisons you!
Okay, then.
* * * LOW HITPOINT WARNING * * *
You feel sick. The worker ant bites you.
You die...

#.######.##
##......#.#####
#.............#
#.#####.#.###.#
#.# #.#.# #.#
###.#####.#.# #.#
...........# #.#
.>.####)#####.###
#.#
.......a@.....#
#.#
######s#######
#.# #.# #.# #.#
#.# #.# #.. ###


You could see a scorpion and a worker ant.

Vanquished Creatures
  Pikel (D:5)
  4 water moccasin zombies (Ossuary)
  A scorpion (D:5)
  A crimson imp (D:5)
  2 bullfrog zombies (D:5)
  A hound (D:5)
  An orc priest (D:3)
  A centaur skeleton (D:5)
  An iguana (D:4)
  2 worker ants
  4 big kobold zombies (Ossuary)
  2 mummies (Ossuary)
  A hound skeleton (D:4)
  8 adders
  An ooze (D:2)
  4 adder zombies (Ossuary)
  A worm (D:4)
  A dart slug (D:2)
  8 orcs
  A giant cockroach (D:3)
  2 goblins
  A hobgoblin (D:1)
  2 jackals (D:4)
  A quokka (D:3)
  2 bats
  A frilled lizard (D:1)
  2 gnoll zombies (Ossuary)
  5 hobgoblin zombies (Ossuary)
  A jackal zombie (D:5)
  7 kobold zombies (Ossuary)
  6 orc zombies (Ossuary)
  2 rats
78 creatures vanquished.

Vanquished Creatures (collateral kills)
  An orc (D:4)
  A kobold (D:3)
2 creatures vanquished.

Vanquished Creatures (others)
  4 slaves (D:5)
  A black bear (D:5)
5 creatures vanquished.

Grand Total: 85 creatures vanquished

Notes
Turn   | Place    | Note
-------+----------+-------------------------------------------
     0 | D:1      | M4edhros the Octopode Artificer began the quest for the Orb.
     0 | D:1      | Reached XP level 1. HP: 13/13 MP: 3/3
    20 | D:1      | Reached skill level 2 in Stealth
   208 | D:2      | Reached skill level 3 in Stealth
   208 | D:2      | Reached XP level 2. HP: 12/18 MP: 4/4
   451 | D:3      | Noticed lupus83's ghost (weakling CeHu)
   569 | D:4      | Reached skill level 4 in Stealth
   569 | D:4      | Reached XP level 3. HP: 23/23 MP: 5/5
   623 | D:4      | Reached skill level 5 in Stealth
   635 | D:4      | Reached XP level 4. HP: 16/28 MP: 6/6
   843 | D:4      | Reached skill level 6 in Stealth
  1181 | D:4      | Reached XP level 5. HP: 31/33 MP: 7/7
  1232 | D:4      | Found a sacrificial altar of Ru.
  1234 | D:4      | Found an iron altar of Okawaru.
  1235 | D:4      | Found a hazy altar of Hepliaklqana.
  1235 | D:4      | Found a shadowy altar of Dithmenos.
  1236 | D:4      | Found a glowing golden altar of the Shining One.
  1236 | D:4      | Found an opulent altar of Gozag.
  1238 | D:4      | Reached skill level 7 in Stealth
  1299 | D:4      | Noticed an ogre
  1452 | D:4      | Noticed a phantom
  1580 | D:5      | Entered Level 5 of the Dungeon
  1609 | D:5      | Reached skill level 8 in Stealth
  1686 | D:5      | Reached XP level 6. HP: 20/38 MP: 8/8
  1775 | D:5      | Found a sand-covered staircase.
  1780 | Ossuary  | Entered an ossuary
  2192 | Ossuary  | Reached skill level 9 in Stealth
  2572 | Ossuary  | Reached skill level 10 in Stealth
  2576 | Ossuary  | Reached XP level 7. HP: 22/43 MP: 9/9
  3334 | Ossuary  | HP: 2/43 [gnoll zombie (7)]
  3642 | Ossuary  | Reached skill level 11 in Stealth
  3885 | D:5      | Noticed Pikel
  3940 | D:5      | Killed a freed slave
  4101 | D:5      | Killed Pikel
  4193 | D:5      | Found a blossoming altar of Fedhas.
  4199 | D:5      | Reached skill level 12 in Stealth
  4454 | D:6      | Slain by a worker ant

Skill      XL: |  1  2  3  4  5  6  7 |
---------------+----------------------+-----
Stealth        | 3 4 5 6 8 10 12 | 12.0
Fighting       | |  1.0
Short Blades   | |  1.0
Dodging        | |  2.0
Evocations     | |  3.2

Action                   |  1- 3 |  4- 6 |  7- 9 || total
-------------------------+-------+-------+-------++-------
Melee: Short sword       |    34 |    87 |    88 ||   209
       Constrict         |     9 |    22 |    25 ||    56
       Tentacles         |     9 |    20 |    26 ||    55
Evoke: Wand              |     6 |     7 |    11 ||    24
  Use: Potion            |     1 |       |     4 ||     5
       Scroll            |       |     7 |       ||     7
 Stab: Sleeping          |     4 |    11 |     4 ||    19
       Paralysed         |     3 |       |       ||     3
       Distracted        |       |       |     1 ||     1
  Eat: Chunk             |       |     3 |     2 ||     5
       Meat ration       |       |     1 |       ||     1
Armor: Skin              |     4 |     3 |     1 ||     8
Dodge: Dodged            |    21 |    52 |    48 ||   121
